 Dungeon Crawl Stone Soup version 0.30.0-10-gfe55d96785 (webtiles) character file.

Game seed: 677819885589536147

5003 MacCMillion the Basher (level 10, -2/107 HPs)
             Began as an Ogre Gladiator on May 15, 2023.
             Slain by a vampire
             ... wielding a +0 vampiric bardiche
              (22 damage)
             ... in a bailey.
             The game lasted 00:16:37 (10358 turns).

MacCMillion the Basher (Ogre Gladiator)            Turns: 10358, Time: 00:16:37

Health: -2/107     AC: 10    Str: 24    XL:     10   Next: 54%
Magic:  3/3        EV: 12    Int:  9    God:
Gold:   456        SH:  0    Dex: 14    Spells: 9/9 levels left

rFire   + . .        a - +2 flail (antimagic)
rCold   . . .        (no shield)
rNeg    + . .        v - +3 robe of Hucwyss {Fly Dex+4}
rPois   .            c - +0 hat
rElec   +            (no cloak)
rCorr   .            (gloves unavailable)
SInv    .            (boots unavailable)
Will    +....        (no amulet)
Stlth   +            u - +4 ring of protection
HPRegen 0.37/turn    I - ring of Qaedgh {rElec rF+ rN+}
MPRegen 0.08/turn

%: no passive effects
@: flying
A: large, unfitting armour, tough skin 1, wild magic 1
a: no special abilities


You were in a bailey.
You visited 2 branches of the dungeon, and saw 9 of its levels.
You also visited: Bailey.

You collected 456 gold pieces.

Inventory:

Hand Weapons
 a - a +2 antimagic flail (weapon)
 D - a +0 morningstar
Missiles
 d - 3 throwing nets
 e - a large rock
 l - 18 poisoned darts (quivered)
 E - 6 boomerangs
Armour
 b - a +0 robe
 c - a +0 hat (worn)
 v - the +3 robe of Hucwyss (worn) {Fly Dex+4}
   (You found it on level 2 of the Dungeon)

   Dex:       It affects your dexterity (+4).
   Fly:       It grants you flight.
Jewellery
 u - a +4 ring of protection (left hand)
 C - a ring of protection from fire
 F - a +4 ring of protection
 I - the ring of Qaedgh (right hand) {rElec rF+ rN+}
   (You took it off a wight on level 7 of the Dungeon)

   [ring of positive energy]

   rF:        It protects you from fire.
   rElec:     It insulates you from electricity.
   rN:        It protects you from negative energy.
Wands
 y - a wand of flame (39)
 z - a wand of iceblast (20)
 J - a wand of light (3)
Scrolls
 h - 2 scrolls of enchant weapon {unknown}
 i - a scroll of immolation
 n - 7 scrolls of teleportation {unknown}
 o - a scroll of poison
 w - 2 scrolls of blinking {unknown}
 x - a scroll of vulnerability
 A - 2 scrolls of fog {unknown}
 B - a scroll of amnesia {unknown}
Potions
 f - 6 potions of curing
 g - a potion of resistance {unknown}
 j - a potion of mutation
 m - a potion of brilliance {unknown}
 p - a potion of degeneration {unknown}
 q - 2 potions of attraction
 r - 3 potions of haste
 s - a potion of berserk rage {unknown}
 t - a potion of lignification {unknown}
 G - a potion of magic {unknown}
 H - a potion of ambrosia {unknown}


   Skills:
 + Level 9.0 Fighting
 + Level 11.5 Maces & Flails
 - Level 2.0 Throwing
 + Level 6.5 Dodging


You had 9 spell levels left.
You didn't know any spells.
Your spell library contained the following spells:

 Spells                   Type           Power      Damage    Failure   Level
 Cigotuvi's Dreadful Rot  Necr/Pois/Air  0%         N/A       61%         2
 Tukima's Dance           Hex            0%         N/A       83%         3
 Anguish                  Hex/Necr       0%         N/A       99%         4
 Cause Fear               Hex            0%         N/A       99%         4
 Dispel Undead            Necr           0%         3d6       99%         4
 Passage of Golubria      Tloc           0%         N/A       99%         4
 Fireball                 Conj/Fire      0%         3d3       100%        5
 Iskenderun's Battlesphe  Conj           0%         2d6       100%        5
 Yara's Violent Unravell  Hex/Tmut       0%         3d3       100%        5
 Conjure Ball Lightning   Conj/Air       0%         3x3d6     100%        6
 Death Channel            Necr           0%         N/A       100%        6
 Enfeeble                 Hex            0%         N/A       100%        7
 Orb of Destruction       Conj           0%         9d5       100%        7
 Chain Lightning          Conj/Air       0%         N/A       100%        9
 Fire Storm               Conj/Fire      0%         5d1       100%        9
 Shatter                  Erth           0%         3d5*      100%        9


Dungeon Overview and Level Annotations

Branches:
Dungeon (8/15)             Temple (1/1) D:6          Bailey (1/1)
   Lair: D:8-11

Altars:
Ashenzari
Cheibriados
Elyvilon
Gozag
Hepliaklqana
Kikubaaqudgha
Nemelex Xobeh
Qazlal
Ru
Trog
Uskayaw
Vehumet
Wu Jian
Xom
Yredelemnul
Zin
The Shining One

Shops:
D:4 [[:   D:5 =

Annotations:
D:4 2 runed translucent doors, P0WERM0DE's ghost, amateur MeEE
D:5 3 runed translucent doors, FelidPro's ghost, amateur FeAE; Sigmund; laial's ghost, novice NaBr
D:7 exclusion: 4 doors


Innate Abilities, Weirdness & Mutations

You are too large for most types of armour.
You have tough skin. (AC +1)
Your spells are a little harder to cast, but a little more powerful.


Message History

You reach down and open the large door.
There is a large open door here.
A vampire comes into view. It is wielding a +0 vampiric bardiche.
Found a potion of mutation.
You feel magic leave you.
a - a +2 antimagic flail (weapon)
The vampire casts a spell.
The vampire flickers and vanishes!
Deactivating autopickup; reactivate with Ctrl-A.
Found a glowing chain mail.
You remove your +4 ring of protection.
I - the ring of Qaedgh (right hand) {rElec rF+ rN+} No target in view!
Found a ruby potion.
Something hits you! Something bites you but does no damage.
You hit something. Something hits you! Something bites you but does no damage.
You hit something but do no damage. You barely miss something.
Something hits you but does no damage. Something bites you!
Something draws strength from your injuries!
You barely miss something. Something hits you. Something bites you.
You hit something but do no damage. Something hits you! Something bites you!
Something draws strength from your injuries!
You barely miss something. Something hits you. Something bites you!
Something draws strength from your injuries!
You closely miss something. You hit something but do no damage.
Your punch misses something. Something hits you. Something bites you.
You hit something but do no damage.
You hear some strange, mumbled words.
Something tries to affect you, but you resist.
You hit something but do no damage. Something hits you!
* * * LOW HITPOINT WARNING * * *
Something bites you but does no damage.
You hit something. Something hits you!
* * * LOW HITPOINT WARNING * * *
Something bites you.
* * * LOW HITPOINT WARNING * * *
You hit something but do no damage. Something hits you!!
You die...

#..#......######.
#.)#...##........
#..#....##))....♣
#..##....#..)....
#...##)..##..♣.♣.
#8..).).##....♣♣.
######....##.......♣
##8...##...#.........
#!.{@..##..#....♣....
#.!.##...#..#.......♣.
#[. ##..'..# #!
#..'..# # #...#..#
.....##.8# #8...######
#####


There were no monsters in sight!

Vanquished Creatures
  Joseph (D:7)
  5 gargoyles
  A steam dragon (D:6)
  A water moccasin (D:6)
  A sky beast (D:6)
  An orc warrior (D:8)
  2 black bears
  2 ice beasts (D:6)
  3 ogres
  A centaur (D:6)
  A bullfrog (D:8)
  4 scorpions
  A gnoll sergeant (D:8)
  7 wights
  3 howler monkeys
  7 wolf zombies (Bailey)
  7 vampire bats (Bailey)
  5 hounds
  2 jellies
  3 orc priests
  2 iguanas
  2 orc wizards (D:4)
  A mummy (D:4)
  8 gnolls
  8 adders
  A white imp (D:6)
  2 worms
  5 dart slugs
  15 orcs
  A bat (D:1)
  10 endoplasms
  A giant cockroach (D:1)
  6 goblins
  10 hobgoblins
  2 jackals (D:2)
  3 kobolds
  2 quokkas
  11 ball pythons
  5 frilled lizards
  A hobgoblin zombie (D:4)
  A kobold zombie (D:4)
  18 orc zombies
  A rat (D:1)
174 creatures vanquished.

Notes
Turn   | Place    | Note
-------+----------+-------------------------------------------
     0 | D:1      | MacCMillion the Ogre Gladiator began the quest for the Orb.
     0 | D:1      | Reached XP level 1. HP: 22/22 MP: 1/1
   245 | D:1      | Reached skill level 3 in Maces & Flails
   272 | D:1      | Reached XP level 2. HP: 28/31 MP: 2/2
   735 | D:1      | Reached XP level 3. HP: 31/37 MP: 3/3
  1113 | D:2      | Reached skill level 4 in Maces & Flails
  1925 | D:2      | Identified the +3 robe of Hucwyss {Fly Dex+4}
  2019 | D:2      | Reached XP level 4. HP: 44/45 MP: 4/4
  2111 | D:3      | You are sucked into a shaft and drop 1 floor!
  2150 | D:4      | Found Mugital's Armour Shoppe.
  2177 | D:4      | Reached skill level 5 in Maces & Flails
  2177 | D:4      | Reached XP level 5. HP: 49/53 MP: 5/5
  2246 | D:4      | Gained mutation: Your spells are a little harder to cast,
                  | but a little more powerful. [potion of mutation]
  2560 | D:4      | Noticed a black bear
  2610 | D:4      | Reached skill level 6 in Maces & Flails
  2610 | D:4      | Reached XP level 6. HP: 45/61 MP: 6/6
  2614 | D:4      | Killed a black bear
  2837 | D:4      | Found Niwkelez's Armour Shoppe.
  3009 | D:4      | Found a large runed translucent door.
  3013 | D:4      | Noticed P0WERM0DE's ghost (amateur MeEE)
  3014 | D:4      | Found a large runed translucent door.
  3038 | D:4      | Found Terasch's Book Emporium.
  3238 | D:4      | Reached skill level 7 in Maces & Flails
  3238 | D:4      | Reached XP level 7. HP: 48/67 MP: 7/7
  3710 | D:5      | Entered Level 5 of the Dungeon
  3758 | D:5      | Noticed Sigmund
  3802 | D:5      | Found Utaiwugh's Jewellery Emporium.
  4127 | D:5      | Found a broken altar of Ashenzari.
  4196 | D:5      | Found a shimmering altar of Xom.
  4467 | D:5      | Found a runed translucent gate.
  4507 | D:5      | Found a runed translucent gate.
  4508 | D:5      | Found a runed translucent gate.
  4510 | D:5      | Noticed FelidPro's ghost (amateur FeAE)
  4510 | D:5      | Noticed laial's ghost (novice NaBr)
  4558 | D:5      | Found a snail-covered altar of Cheibriados.
  4809 | D:6      | Reached skill level 8 in Maces & Flails
  5242 | D:6      | Reached XP level 8. HP: 64/75 MP: 8/8
  5435 | D:6      | Reached skill level 9 in Maces & Flails
  5945 | D:6      | Found a staircase to the Ecumenical Temple.
  6103 | Temple   | Entered the Ecumenical Temple
  6467 | D:6      | Reached skill level 10 in Maces & Flails
  6646 | D:7      | Noticed Joseph
  6659 | D:6      | Reached XP level 9. HP: 62/84 MP: 9/9
  7534 | D:7      | Reached skill level 5 in Fighting
  7570 | D:7      | Killed Joseph
  7845 | D:7      | Identified the ring of Qaedgh {rElec rF+ rN+}
  7905 | D:7      | Noticed a gargoyle
  7915 | D:7      | HP: 1/89 [gargoyle/stone arrow (16)]
  7921 | D:7      | Killed a gargoyle
  8121 | D:7      | Noticed a gargoyle
  8132 | D:7      | Killed a gargoyle
  8133 | D:7      | Reached skill level 5 in Dodging
  8287 | D:7      | Noticed a gargoyle
  8292 | D:7      | Killed a gargoyle
  8293 | D:7      | Reached skill level 11 in Maces & Flails
  8293 | D:7      | Reached XP level 10. HP: 80/102 MP: 0/10
  8379 | D:7      | Noticed a gargoyle
  8403 | D:7      | Killed a gargoyle
  9519 | D:8      | Found a flagged portal.
  9536 | Bailey   | Entered a bailey
 10005 | Bailey   | Noticed a gargoyle
 10019 | Bailey   | Killed a gargoyle
 10358 | Bailey   | Slain by a vampire

Illustrated notes

Levels and vault maps discovered:
D:1:      dpeg_arrival_stonehenge_8_columns, layout_basic, minmay_heptomino_o4
D:2:      layout_loops_ring
D:3:      layout_rooms, amethyst_overflow_temple_binary, lightli_temple_of_fire
D:4:      layout_basic, serial_shops, shop, shop, nicolae_shop_stone,
          ebering_ghost_disaster_area, grunt_decor_junction,
          nicolae_kite_square_tiling_tiny, minmay_mini_ossuary
D:5:      layout_loops_cross, kennysheep_little_box, kennysheep_slug_shrine,
          mainiacjoe_overflow_brackets, gammafunk_ghost_cemetery, serial_shops,
          shop, serial_glass, glass_columns_a, glass_columns_a, glass_columns_b,
          glass_columns_c, uniq_sigmund
D:6:      layout_cave_pools, temple_green, chequers_serial_rivers_micro_b
D:7:      cheibrodos_statue_roulette, layout_basic, serial_bayou_pond_c,
          feat_on_display, uniq_joseph
D:8:      layout_basic, enter_bailey_5
Temple:   eino_temple_water
Bailey:   bailey_polearm_vampire_castle_hellmonk, bailey

Skill      XL: |  1  2  3  4  5  6  7  8  9 10 |
---------------+-------------------------------+-----
Fighting       | 3 4 7 9 |  9.0
Maces & Flails | 3 4 5 6 7 8 10 11 | 11.5
Dodging        | 3 5 6 |  6.5
Throwing       | |  2.0

Action                     |  1- 3 |  4- 6 |  7- 9 | 10-12 || total
---------------------------+-------+-------+-------+-------++-------
  Melee: Flail             |   118 |    97 |   151 |    12 ||   378
         Punch             |       |       |     8 |     2 ||    10
         Mace              |       |       |    73 |       ||    73
         Dire flail        |       |       |    59 |       ||    59
         Morningstar       |       |       |    15 |   204 ||   219
  Throw: Dart              |       |     2 |    15 |       ||    17
         Boomerang         |       |       |     5 |       ||     5
    Use: Potion            |       |     2 |     1 |       ||     3
         Scroll            |       |       |       |     5 ||     5
   Stab: Sleeping          |     1 |     1 |     3 |       ||     5
         Distracted        |       |       |     1 |       ||     1
 Armour: Robe              |    33 |    36 |   112 |   148 ||   329
  Dodge: Dodged            |    49 |    49 |   116 |   186 ||   400
